[Event "ICC tourney 2064 (45 10)"]
[Site "Internet Chess Club"]
[Date "2020.10.17"]
[Round "4"]
[White "thanhcaptures"]
[Black "funderdifflin"]
[Result "0-1"]
[ICCResult "White checkmated"]
[WhiteElo "1232"]
[BlackElo "818"]
[Opening "Caro-Kann: advance variation"]
[ECO "B12"]
[NIC "CK.04"]
[Time "18:35:26"]
[TimeControl "2700+10"]

1. e4 c6 2. d4 d5 3. e5 Bf5 4. Nc3 e6 5. g4 Bg6 6. Nge2 h6 7. Be3 Nd7 8. Qd2
Qc7 9. O-O-O O-O-O 10. Nf4 Bh7 11. h4 Ne7 12. g5 h5 13. Nxh5 Bxc2 14. Qxc2
Rxh5 15. Be2 Rh8 16. h5 Nf5 17. h6 Nxe3 18. fxe3 gxh6 19. Rh5 Bg7 20. gxh6
Rxh6 21. Rdh1 Rdh8 22. Rxh6 Rxh6 23. Rxh6 Bxh6 24. Kd2 Qd8 25. Nb5 Qa5+ 26.
Nc3 c5 27. dxc5 Qxc5 28. Qd3 Nxe5 29. Qb1 Qxe3+ 30. Kc2 d4 31. Bf1 dxc3 32.
bxc3 Qe4+ 33. Kb2 Qxb1+ 34. Kxb1 b6 35. Kc2 a5 36. Kb3 Kc7 37. Ka4 f5 38.
Kb3 Nc6 39. Kc2 e5 40. Kd3 e4+ 41. Ke2 f4 42. Bh3 Kd6 43. Bf5 Ke5 44. Bd7
Ne7 45. a4 f3+ 46. Kf1 Kf4 47. Bb5 e3 48. Ke1 f2+ 49. Ke2 Nd5 50. Kf1 Nf6
51. Be2 Ne4 52. c4 Nd2+ 53. Kg2 f1=Q+ 54. Bxf1 Nxf1 55. Kxf1 Ke4 56. Ke2 Kd4
57. Kd1 Kxc4 58. Ke2 b5 59. axb5 Bf4 60. b6 a4 61. b7 a3 62. b8=Q Bxb8 63.
Kxe3 a2 64. Kd2 a1=Q 65. Ke3 Qd1 66. Ke4 Qd2 67. Kf3 Qe1 68. Kg4 Qf2 69. Kg5
Qf3 70. Kg6 Qf4 71. Kg7 Qf5 72. Kg8 Qf6 73. Kh7 Qg5 74. Kh8 Kd5 75. Kh7 Ke6
76. Kh8 Kf7 77. Kh7 Qg7# {White checkmated} 0-1

[Event "ICC tourney 2064 (45 10)"]
[Site "Internet Chess Club"]
[Date "2020.10.17"]
[Round "4"]
[White "notarnav"]
[Black "EricCheng-131"]
[Result "1-0"]
[ICCResult "Black checkmated"]
[WhiteElo "1191"]
[BlackElo "936"]
[Opening "Ruy Lopez: Anderssen variation"]
[ECO "C77"]
[NIC "RL.12"]
[Time "18:35:31"]
[TimeControl "2700+10"]

1. e4 e5 2. Nf3 Nc6 3. Bb5 a6 4. Ba4 Nf6 5. d3 Bc5 6. O-O b5 7. Bb3 O-O 8.
Bg5 h6 9. Bh4 d6 10. Nc3 Na5 11. Nd5 Nxb3 12. axb3 Be6 13. Nxf6+ gxf6 14. d4
exd4 15. Nxd4 Kh7 16. Re1 Rg8 17. Nxe6 fxe6 18. Qf3 Rg6 19. e5 dxe5 20. Rxe5
Qe7 21. Qxa8 Qg7 22. Rxc5 Rxg2+ 23. Qxg2 Qe7 24. Bxf6 Qxf6 25. Rxc7+ Kh8 26.
Qa8+ Qf8 27. Qxf8# {Black checkmated} 1-0

[Event "ICC tourney 2064 (45 10)"]
[Site "Internet Chess Club"]
[Date "2020.10.17"]
[Round "4"]
[White "arjunsaravanan"]
[Black "NeuralNetworkQS"]
[Result "1-0"]
[ICCResult "Black checkmated"]
[WhiteElo "1203"]
[BlackElo "891"]
[Opening "Réti: King's Indian attack (Barcza system)"]
[ECO "A07"]
[NIC "QP.09"]
[Time "18:35:29"]
[TimeControl "2700+10"]

1. Nf3 d5 2. g3 Nc6 3. Bg2 e5 4. d3 Nf6 5. O-O Bd6 6. Nbd2 O-O 7. Qe1 Be6 8.
e4 d4 9. Nb3 Qd7 10. Ng5 h6 11. Nxe6 Qxe6 12. Bd2 Nd7 13. c3 f5 14. exf5
Qxf5 15. Bxc6 bxc6 16. Qe4 Qxe4 17. dxe4 dxc3 18. Bxc3 Nf6 19. f4 exf4 20.
e5 Bc5+ 21. Nxc5 Nd5 22. gxf4 Nxf4 23. Rae1 Nh3+ 24. Kg2 Nf4+ 25. Kh1 Nh3
26. Rxf8+ Rxf8 27. e6 Nf2+ 28. Kg2 Ng4 29. e7 Re8 30. Ne6 Rxe7 31. Re4 h5
32. Nc5 Rf7 33. Bd4 a5 34. h3 Nh6 35. Bc3 Rf5 36. Nb7 Rg5+ 37. Kh2 Rb5 38.
Nxa5 Rc5 39. Re7 Kf8 40. Rxc7 Nf5 41. Bb4 Ke8 42. Bxc5 Kd8 43. Rxc6 Kd7 44.
Rg6 Kc8 45. Nc4 Kd7 46. Rd6+ Nxd6 47. Bxd6 Kc6 48. b3 Kd5 49. Ne5 Kxd6 50.
Kg3 Kxe5 51. Kh4 g6 52. Kg5 Ke4 53. Kxg6 h4 54. Kg5 Kf3 55. Kxh4 Kf4 56. a4
Ke5 57. a5 Kd6 58. Kg5 Kc5 59. h4 Kb5 60. h5 Kxa5 61. h6 Kb5 62. h7 Kc6 63.
h8=Q Kd6 64. b4 Kc6 65. b5+ Kxb5 66. Qc3 Kb6 67. Qc4 Kb7 68. Qc5 Kb8 69. Qe7
Kc8 70. Kf6 Kb8 71. Ke6 Kc8 72. Kd6 Kb8 73. Kc6 Ka8 74. Kb6 Kb8 75. Qf8#
{Black checkmated}
1-0

[Event "ICC tourney 2064 (45 10)"]
[Site "Internet Chess Club"]
[Date "2020.10.17"]
[Round "4"]
[White "Maximusiv"]
[Black "DaveGriffin"]
[Result "0-1"]
[ICCResult "White resigns"]
[WhiteElo "984"]
[BlackElo "827"]
[Opening "Sicilian defense"]
[ECO "B40"]
[NIC "FR.01"]
[Time "18:35:24"]
[TimeControl "2700+10"]

1. e4 e6 2. Nf3 c5 3. b4 b6 4. e5 d6 5. bxc5 dxc5 6. c3 Ne7 7. d4 Ng6 8. Bd3
cxd4 9. cxd4 Bb4+ 10. Bd2 Bxd2+ 11. Qxd2 Nh4 12. O-O Nxf3+ 13. gxf3 O-O 14.
Qc2 g6 15. Nc3 Bb7 16. Be4 Bxe4 17. Nxe4 Qxd4 18. Nf6+ Kg7 19. Qe2 Nd7 20.
Nh5+ gxh5 21. Kh1 Nxe5 22. Rg1+ Kh8 23. Rad1 Qf4 24. Rg3 Rg8 25. Re1 Rxg3
26. fxg3 Qxf3+ {White resigns} 0-1

[Event "ICC tourney 2064 (45 10)"]
[Site "Internet Chess Club"]
[Date "2020.10.17"]
[Round "4"]
[White "Diyor"]
[Black "Knighthhhh"]
[Result "1-0"]
[ICCResult "Black checkmated"]
[WhiteElo "1202"]
[BlackElo "1103"]
[Opening "French: advance, Milner-Barry gambit"]
[ECO "C02"]
[NIC "FR.03"]
[Time "18:35:29"]
[TimeControl "2700+10"]

1. e4 e6 2. d4 d5 3. e5 c5 4. c3 Nc6 5. Nf3 Qb6 6. Bd3 Bd7 7. Bc2 Nge7 8.
O-O Nf5 9. Bxf5 exf5 10. Re1 Be7 11. b3 O-O 12. Bb2 Rfe8 13. Nbd2 Rad8 14.
c4 cxd4 15. cxd5 Nb4 16. Bxd4 Qg6 17. d6 Bf8 18. Nh4 Qg4 19. Qxg4 fxg4 20.
Rec1 g5 21. Ne4 gxh4 22. Nf6+ Kg7 23. Nxe8+ Bxe8 24. e6+ f6 25. Rc7+ Kg8 26.
d7 Bxd7 27. exd7 Bd6 28. Rc8 Nc6 29. Rxd8+ Nxd8 30. Bxf6 Bc7 31. Bxd8 Bxd8
32. Rc1 Kf8 33. Re1 Bb6 34. Re8+ Kf7 35. d8=Q Bxd8 36. Rxd8 g3 37. hxg3 hxg3
38. fxg3 Ke7 39. Rb8 Kf6 40. Rxb7 Kg5 41. Rxa7 Kg4 42. b4 Kxg3 43. b5 h5 44.
b6 h4 45. b7 h3 46. b8=Q+ Kh4 47. Rh7+ Kg4 48. Qb4+ Kg3 49. Rg7#
{Black checkmated}
1-0

[Event "ICC tourney 2064 (45 10)"]
[Site "Internet Chess Club"]
[Date "2020.10.17"]
[Round "4"]
[White "flowerpower101"]
[Black "McTaggartfan"]
[Result "0-1"]
[ICCResult "White resigns"]
[WhiteElo "827"]
[BlackElo "1300"]
[Opening "French defense"]
[ECO "C00"]
[NIC "FR.01"]
[Time "18:35:34"]
[TimeControl "2700+10"]

1. e4 e6 2. Nf3 b6 3. Nc3 Bb7 4. d3 d6 5. d4 c5 6. d5 Be7 7. Be2 Nf6 8. O-O
O-O 9. Re1 a6 10. a4 exd5 11. exd5 Nbd7 12. Qd3 Re8 13. b3 Bf8 14. h3 g6 15.
Rb1 Bg7 16. b4 Rc8 17. bxc5 Nxc5 18. Qd1 Nfe4 19. Bb2 Bxc3 20. Bxc3 Nxc3 21.
Qc1 Nxe2+ 22. Rxe2 Rxe2 23. Ra1 Nb3 24. Qd1 Rexc2 25. Rb1 Rc1 26. Rxc1 Rxc1
{White resigns}
0-1

[Event "ICC tourney 2064 (45 10)"]
[Site "Internet Chess Club"]
[Date "2020.10.17"]
[Round "4"]
[White "boxingguy2469x"]
[Black "proabhi19"]
[Result "0-1"]
[ICCResult "White resigns"]
[WhiteElo "1140"]
[BlackElo "1245"]
[Opening "Sicilian, Chekhover variation"]
[ECO "B53"]
[NIC "SI.02"]
[Time "18:35:37"]
[TimeControl "2700+10"]

1. e4 c5 2. Nf3 d6 3. d4 cxd4 4. Qxd4 Nc6 5. Qd1 Nf6 6. Nc3 g6 7. Bc4 Bg7 8.
h3 O-O 9. O-O b6 10. Bg5 Bb7 11. Re1 Qd7 12. Qe2 h6 13. Bf4 e5 14. Bg3 a6
15. Rad1 b5 16. Bxe5 bxc4 17. Bxd6 Rfd8 18. Qxc4 Rac8 19. Qe2 Qe6 20. e5 Ne8
21. Bc5 Rxd1 22. Nxd1 Qxa2 23. Qe4 Nxe5 24. Nxe5 Bxe4 {White resigns} 0-1

[Event "ICC tourney 2064 (45 10)"]
[Site "Internet Chess Club"]
[Date "2020.10.17"]
[Round "4"]
[White "aiden004"]
[Black "ansish"]
[Result "1-0"]
[ICCResult "Black resigns"]
[WhiteElo "1154"]
[BlackElo "1248"]
[Opening "Pirc: classical (two knights) system"]
[ECO "B08"]
[NIC "PU.10"]
[Time "18:35:34"]
[TimeControl "2700+10"]

1. e4 d6 2. d4 Nf6 3. Nc3 g6 4. Nf3 Bg7 5. Bc4 Nxe4 6. Bxf7+ Kxf7 7. Nxe4
Bf5 8. Ng3 Bd7 9. Ng5+ Kf8 10. Qf3+ Bf6 11. O-O Nc6 12. c3 h6 13. N5e4 Kg7
14. Nxf6 exf6 15. Be3 Qc8 16. Rfe1 Bg4 17. Qe4 f5 18. Qd3 Rf8 19. Qd2 g5 20.
d5 Ne5 21. Bd4 f4 22. Nf1 Qf5 23. f3 Bh5 24. Bxe5+ dxe5 25. Re4 Rae8 26.
Rae1 Qf6 27. Qe2 Bf7 28. Rxe5 Rxe5 29. Qxe5 Qxe5 30. Rxe5 Kf6 31. Re1 Bxd5
32. a3 Rd8 33. Rd1 Ke7 34. Rd4 c6 35. Kf2 Be6 36. Rxd8 Kxd8 37. g3 fxg3+ 38.
hxg3 Kd7 39. Ke3 Bd5 40. Nd2 Kd6 41. Ne4+ Bxe4 42. Kxe4 Ke6 43. g4 a5 44. a4
b6 45. c4 Kf6 46. Kd4 Ke6 47. c5 bxc5+ 48. Kxc5 Ke5 49. Kb6 Kf4 50. Kxa5
Kxf3 51. Kb6 Kxg4 52. a5 h5 53. a6 h4 54. a7 h3 55. a8=Q h2 56. Qxc6 Kh3 57.
Qh1 g4 58. Kc5 g3 59. Qf3 Kh4 60. Qg2 Kg4 61. b4 Kf5 62. b5 Ke6 63. Kc6 Ke5
64. b6 Kd4 65. b7 {Black resigns} 1-0

[Event "ICC tourney 2064 (45 10)"]
[Site "Internet Chess Club"]
[Date "2020.10.17"]
[Round "4"]
[White "sassymareese"]
[Black "nguyencaptures"]
[Result "1-0"]
[ICCResult "Black checkmated"]
[WhiteElo "1380"]
[BlackElo "1153"]
[Opening "Ruy Lopez: Möller defense"]
[ECO "C78"]
[NIC "RL.12"]
[Time "18:35:32"]
[TimeControl "2700+10"]

1. e4 e5 2. Nf3 Nc6 3. Bb5 a6 4. Ba4 Nf6 5. O-O Bc5 6. d3 h6 7. Bxc6 dxc6 8.
Nxe5 Bd6 9. Nc4 Bc5 10. c3 Be6 11. Nba3 O-O 12. Be3 Bxe3 13. fxe3 Bxc4 14.
Nxc4 b5 15. Na3 Qe7 16. Qd2 Rad8 17. Qe2 c5 18. c4 bxc4 19. Nxc4 Qd7 20.
Rad1 Qg4 21. Qxg4 Nxg4 22. h3 Nf6 23. a4 Rd7 24. Kf2 Rfd8 25. Ke2 Re8 26.
Rc1 Red8 27. Rc3 Kf8 28. Ne5 Rd6 29. Rxc5 Rb6 30. Rxc7 Rxb2+ 31. Kf3 Ra2 32.
Rxf7+ Kg8 33. Ra7 Rxa4 34. Rc1 Rf8 35. Rcc7 Nxe4+ 36. Kg4 Nf6+ 37. Kg3 Nh5+
38. Kh2 Ra2 39. Ng6 Rb8 40. Rcb7 Rd8 41. Rb6 Kh7 42. d4 Nf6 43. Rxf6 Rd5 44.
Rfxa6 Rxa6 45. Rxa6 Rd8 46. Ne5 Kg8 47. Kg3 Rf8 48. d5 Kh7 49. d6 Kg8 50. d7
Rd8 51. Rc6 Kf8 52. Rc8 Ke7 53. Nc6+ Kxd7 54. Rxd8+ Kxc6 55. Rg8 Kd6 56.
Rxg7 Ke5 57. Rg6 Kf5 58. Rxh6 Ke4 59. Re6+ Kd3 60. h4 Ke2 61. h5 Kf1 62. h6
Ke2 63. h7 Kd3 64. h8=Q Ke2 65. Qb2+ Kd3 66. Qb3+ Ke2 67. Qc2+ Ke1 68. Kf3
Kf1 69. Qf2# {Black checkmated} 1-0

[Event "ICC tourney 2064 (45 10)"]
[Site "Internet Chess Club"]
[Date "2020.10.17"]
[Round "4"]
[White "dangdang2000"]
[Black "pkcl"]
[Result "1/2-1/2"]
[ICCResult "Game drawn by repetition"]
[WhiteElo "1195"]
[BlackElo "1232"]
[Opening "Giuoco Pianissimo"]
[ECO "C50"]
[NIC "IG.02"]
[Time "18:35:27"]
[TimeControl "2700+10"]

1. e4 e5 2. Nf3 Nc6 3. Bc4 Bc5 4. d3 h6 5. c3 Nf6 6. O-O O-O 7. b4 Be7 8. b5
Na5 9. Bb3 Nxb3 10. Qxb3 d6 11. a4 Be6 12. c4 Bg4 13. Nbd2 b6 14. h3 Be6 15.
a5 Nd7 16. Ba3 Nc5 17. Bxc5 bxc5 18. Rfb1 Rb8 19. Qa4 Bd7 20. Qa3 Qc8 21.
Kh2 Rb7 22. Nf1 Qb8 23. Ne3 c6 24. a6 Rb6 25. Qa5 Bd8 26. Qa2 Be6 27. bxc6
Qc8 28. Rxb6 Bxb6 29. Nd5 Bxd5 30. cxd5 Qc7 31. Nh4 g6 32. Qd2 Kh7 33. g4
Qe7 34. Ng2 Rb8 35. Rb1 Qf6 36. f4 g5 37. f5 Qd8 38. Ne3 f6 39. Nc4 Kg7 40.
Rb5 Kf7 41. Qb2 Qc7 42. Nxb6 axb6 43. Rb3 Qa7 44. Ra3 Ke7 45. Qb5 Kd8 46. h4
Kc7 47. h5 Ra8 48. Kg2 Qb8 49. Qa4 Ra7 50. Kf2 Qa8 51. Ke2 Qc8 52. Kd2 Qa8
53. Kc3 Qb8 54. Kc4 Qc8 55. Kb5 Qe8 56. Rb3 Qc8 57. Ra3 Qa8 58. Kc4 Qb8 59.
Qb5 Qa8 60. Qa4 Qc8 61. Ra2 Qa8 62. Ra1 Qc8 63. Qb5 Qa8 64. Ra3 Qc8 65. Kc3
Qa8 66. Kb3 Qc8 67. Kc3 Qa8 68. Kc4 Qc8 69. d4 cxd4 70. Ra1 Qa8 71. Ra4 Qc8
72. Kb4 Qa8 73. Qd3 Qc8 74. Kb5 Qb8 75. Qa3 Qc8 76. Rc4 Qa8 77. Qa4 Qd8 78.
Rb4 Qb8 79. Kc4 Qa8 80. Kb5 Qb8 81. Rb3 Qa8 82. Ra3 Qc8 83. Kc4 Qa8 84. Qb5
Qc8 85. Ra4 Qa8 86. Ra3 Qc8 87. Kb4 Qb8 88. Kc4 Qc8 89. Kd3 Qa8 90. Kc4 Qc8
91. Kd3 Qa8 92. Kc4 Qc8 93. Kd3 Qa8 94. Kc4 Qc8 95. Kd3 Qa8 96. Kc4 Qc8 97.
Kd3 Qa8 {Game drawn by repetition} 1/2-1/2

[Event "ICC tourney 2064 (45 10)"]
[Site "Internet Chess Club"]
[Date "2020.10.17"]
[Round "5"]
[White "DaveGriffin"]
[Black "thanhcaptures"]
[Result "1-0"]
[ICCResult "Black checkmated"]
[WhiteElo "832"]
[BlackElo "1209"]
[Opening "Evans gambit"]
[ECO "C51"]
[NIC "IG.05"]
[Time "21:02:09"]
[TimeControl "2700+10"]

1. e4 e5 2. Nf3 Nc6 3. Bc4 Bc5 4. b4 Bxb4 5. c3 Bc5 6. d4 exd4 7. O-O dxc3
8. Qb3 Qe7 9. Nxc3 Na5 10. Qa4 Nxc4 11. Qxc4 d6 12. Nd5 Qd7 13. e5 c6 14.
Nf4 b5 15. Qc3 dxe5 16. Nxe5 Qd4 17. Qf3 Bb7 18. Nfd3 f6 19. Bb2 Qh4 20.
Nxc5 fxe5 21. Nxb7 Qe7 22. Qxc6+ Kf8 23. Rfe1 Rb8 24. Nc5 Rb6 25. Nd7+ Kf7
26. Nxb6 axb6 27. Rxe5 Qd8 28. Qe6+ Kf8 29. Ba3+ Ne7 30. Bxe7+ Ke8 31. Bxd8+
Kxd8 32. Qxb6+ Kd7 33. Rd1+ Kc8 34. Re7 Rf8 35. Qc7# {Black checkmated} 1-0

[Event "ICC tourney 2064 (45 10)"]
[Site "Internet Chess Club"]
[Date "2020.10.17"]
[Round "5"]
[White "ChessPanda000"]
[Black "Maximusiv"]
[Result "0-1"]
[ICCResult "White checkmated"]
[WhiteElo "179"]
[BlackElo "1009"]
[Opening "Scandinavian defense"]
[ECO "B01"]
[NIC "SD.03"]
[Time "21:02:10"]
[TimeControl "2700+10"]

1. e4 d5 2. exd5 Nf6 3. Nc3 Nxd5 4. Nxd5 Qxd5 5. Nf3 Nc6 6. Bd3 Bg4 7. Be2
O-O-O 8. O-O e5 9. d3 Qe6 10. Bg5 e4 11. Nd2 Bxe2 12. Qxe2 f6 13. Bf4 g5 14.
Bg3 f5 15. dxe4 f4 16. Bxf4 gxf4 17. Nb3 Nd4 18. Nxd4 Rxd4 19. f3 Bc5 20.
Kh1 Rhd8 21. Rad1 Qd6 22. Rxd4 Qxd4 23. c3 Qd2 24. Qxd2 Rxd2 25. Rb1 Kd7 26.
a3 Kd6 27. b4 Be3 28. c4 Ra2 29. Rb3 Ra1+ 30. Rb1 Rxb1# {White checkmated}
0-1

[Event "ICC tourney 2064 (45 10)"]
[Site "Internet Chess Club"]
[Date "2020.10.17"]
[Round "5"]
[White "funderdifflin"]
[Black "Diyor"]
[Result "1-0"]
[ICCResult "Black resigns"]
[WhiteElo "761"]
[BlackElo "1150"]
[Opening "Queen's bishop game"]
[ECO "D00"]
[NIC "QP.08"]
[Time "21:02:19"]
[TimeControl "2700+10"]

1. d4 d5 2. Bf4 Nf6 3. Nf3 Bf5 4. e3 e6 5. Be2 Be7 6. O-O O-O 7. Nbd2 Nc6 8.
a3 Re8 9. Rc1 h6 10. h3 Bd6 11. Ne5 Bxe5 12. dxe5 Nd7 13. Nf3 Be4 14. Qd2
Bxf3 15. Bxf3 Ndxe5 16. Be2 Ng6 17. Bg3 e5 18. Rfd1 d4 19. e4 Qf6 20. Bd3 a6
21. Qe2 Nf4 22. Bxf4 Qxf4 23. g3 Qf6 24. Bc4 Na5 25. Ba2 b5 26. Rd3 Qg6 27.
Rf3 Rf8 28. c3 dxc3 29. Rfxc3 c6 30. b4 Nc4 31. Bxc4 bxc4 32. Rxc4 Rac8 33.
Qe3 Rfd8 34. Qb6 Qh5 35. Kg2 Rd2 36. Qxa6 Qe2 37. Qxc8+ Kh7 38. Qf5+ Kh8 39.
Rxc6 g6 40. Qxf7 Qxe4+ 41. Qf3 {Black resigns} 1-0

[Event "ICC tourney 2064 (45 10)"]
[Site "Internet Chess Club"]
[Date "2020.10.17"]
[Round "5"]
[White "oxdidi"]
[Black "boxingguy2469x"]
[Result "1/2-1/2"]
[ICCResult "Game drawn by repetition"]
[WhiteElo "1089"]
[BlackElo "1140"]
[Opening "Giuoco Piano"]
[ECO "C54"]
[NIC "IG.02"]
[Time "21:02:22"]
[TimeControl "2700+10"]

1. e4 e5 2. Nf3 Nc6 3. Bc4 Bc5 4. c3 Nf6 5. d3 d6 6. h3 O-O 7. Nbd2 Be6 8.
Bb3 Qd7 9. O-O Rad8 10. Re1 Nh5 11. Nf1 Nf4 12. Bxf4 exf4 13. Qd2 Ne5 14.
Qxf4 Nxd3 15. Qg3 Bxf2+ 16. Qxf2 Nxf2 17. Kxf2 Bxb3 18. axb3 Qb5 19. b4 Qb6+
20. Ne3 Rde8 21. Nd2 f5 22. exf5 Rxf5+ 23. Nf3 Ref8 24. Kg1 R5f7 25. Kh1 c6
26. Nc4 Qd8 27. Rxa7 b5 28. Rxf7 Rxf7 29. Ncd2 Re7 30. Rf1 c5 31. bxc5 dxc5
32. Nb3 c4 33. Nbd4 Rf7 34. Nxb5 Qb8 35. Na3 Qxb2 36. Nxc4 Qe2 37. Ncd2 Rxf3
38. Rxf3 Qxd2 39. Kh2 Qd6+ 40. Kg1 Qd1+ 41. Rf1 Qc2 42. Rf3 Qd1+ 43. Kh2
Qd6+ 44. Kg1 Qd1+ 45. Kh2 Qd6+ 46. Kg1 Qd1+ 47. Kh2 {Game drawn by
repetition} 1/2-1/2

[Event "ICC tourney 2064 (45 10)"]
[Site "Internet Chess Club"]
[Date "2020.10.17"]
[Round "5"]
[White "NeuralNetworkQS"]
[Black "flowerpower101"]
[Result "1-0"]
[ICCResult "Black resigns"]
[WhiteElo "905"]
[BlackElo "816"]
[Opening "Two knights defense"]
[ECO "C57"]
[NIC "KP.01"]
[Time "21:02:32"]
[TimeControl "2700+10"]

1. e4 e5 2. Nf3 Nc6 3. Bc4 Nf6 4. Ng5 Qe7 5. Bxf7+ Kd8 6. Bb3 d5 7. exd5
Nxd5 8. d3 Be6 9. Qf3 Qd7 10. Nxe6+ Qxe6 11. Bxd5 Qd7 12. Bxc6 bxc6 13. Bg5+
Kc8 14. h3 Kb8 15. Qg4 Qd5 16. Nc3 Qc5 17. Qc4 Qd6 18. Qb3+ Kc8 19. Ne4 Qd7
20. a3 h6 21. Bh4 g5 22. Bg3 Rb8 23. Qc3 Bg7 24. Bxe5 Bxe5 25. Qxe5 Re8 26.
Qc3 Qd5 27. O-O-O Rb6 28. Nf6 {Black resigns} 1-0

[Event "ICC tourney 2064 (45 10)"]
[Site "Internet Chess Club"]
[Date "2020.10.17"]
[Round "5"]
[White "proabhi19"]
[Black "notarnav"]
[Result "1/2-1/2"]
[ICCResult "Game drawn by mutual agreement"]
[WhiteElo "1185"]
[BlackElo "1165"]
[Opening "Petrov three knights game"]
[ECO "C42"]
[NIC "RG.01"]
[Time "21:02:10"]
[TimeControl "2700+10"]

1. e4 e5 2. Nf3 Nf6 3. Nc3 Bb4 4. d3 d6 5. a3 Ba5 6. b4 Bb6 7. Bg5 Bg4 8.
Bxf6 Qxf6 9. Nd5 Qg6 10. h3 Bxf3 11. Qxf3 Nc6 12. c3 Nd8 13. a4 c6 14. a5
cxd5 15. axb6 dxe4 16. dxe4 O-O 17. bxa7 Nc6 18. Be2 Rxa7 19. Rxa7 Nxa7 20.
O-O Nc6 21. Bc4 Nd8 22. Bd5 b6 {Game drawn by mutual agreement} 1/2-1/2

[Event "ICC tourney 2064 (45 10)"]
[Site "Internet Chess Club"]
[Date "2020.10.17"]
[Round "5"]
[White "aryasaravanan"]
[Black "nguyencaptures"]
[Result "1-0"]
[ICCResult "Black checkmated"]
[WhiteElo "1252"]
[BlackElo "1149"]
[Opening "Scotch gambit: Benima defense"]
[ECO "C44"]
[NIC "SO.06"]
[Time "21:02:06"]
[TimeControl "2700+10"]

1. e4 e5 2. Nf3 Nc6 3. d4 exd4 4. Bc4 Be7 5. c3 d6 6. cxd4 Bg4 7. Bb5 a6 8.
Ba4 b5 9. Bb3 Nf6 10. Qc2 Nb4 11. Bxf7+ Kxf7 12. Qb3+ Ke8 13. Qxb4 Bxf3 14.
gxf3 c5 15. dxc5 dxc5 16. Qd2 Qxd2+ 17. Nxd2 c4 18. Nf1 Rd8 19. Be3 Bb4+ 20.
Bd2 Bxd2+ 21. Nxd2 Ke7 22. O-O Rxd2 23. Rab1 Rd3 24. Kg2 Nh5 25. Rfd1 Nf4+
26. Kg3 g5 27. b3 Rxd1 28. Rxd1 cxb3 29. axb3 h5 30. h4 Ne2+ 31. Kh3 gxh4
32. Kxh4 Rf8 33. Ra1 Rxf3 34. Rxa6 Rxb3 35. Kxh5 Rc3 36. Rb6 Rc5+ 37. Kg4
Nd4 38. f4 Rc6 39. Rb7+ Kd8 40. f5 Rf6 41. Kg5 Rf8 42. f6 Ke8 43. Kg6 Rg8+
44. Rg7 Kf8 45. Kh7 Rh8+ 46. Kxh8 b4 47. Rb7 b3 48. Kh7 Ne6 49. Rxb3 Ng5+
50. Kg6 Nxe4 51. Rb8# {Black checkmated} 1-0

[Event "ICC tourney 2064 (45 10)"]
[Site "Internet Chess Club"]
[Date "2020.10.17"]
[Round "5"]
[White "McTaggartfan"]
[Black "Knighthhhh"]
[Result "1-0"]
[ICCResult "Black resigns"]
[WhiteElo "1306"]
[BlackElo "1103"]
[Opening "French: Labourdonnais variation"]
[ECO "C00"]
[NIC "FR.01"]
[Time "21:02:17"]
[TimeControl "2700+10"]

1. e4 e6 2. f4 d5 3. e5 c6 4. d4 c5 5. c3 Nc6 6. Nf3 Qb6 7. Qb3 Qxb3 8. axb3
Bd7 9. Bd3 cxd4 10. Nxd4 Bc5 11. Nb5 Rc8 12. b4 Be7 13. Be3 a6 14. Nd4 Nxd4
15. Bxd4 Bh4+ 16. g3 Bd8 17. Nd2 Rc6 18. Nb3 b6 19. Rxa6 Ne7 20. g4 Nc8 21.
O-O O-O 22. Rc1 Bc7 23. b5 Rc4 24. Bxc4 dxc4 25. Nd2 Bxb5 26. Raa1 h6 27. b3
cxb3 28. c4 Bc6 29. Nxb3 Bb7 30. c5 Bd5 31. Rab1 bxc5 32. Bxc5 Rd8 33. Nd4
Kh7 34. Kf2 Rd7 35. Nb5 Bb8 36. Nc3 Bc7 37. Nxd5 Rxd5 38. Be3 Rd7 39. Rb7
Ne7 40. Rbxc7 {Black resigns} 1-0

[Event "ICC tourney 2064 (45 10)"]
[Site "Internet Chess Club"]
[Date "2020.10.17"]
[Round "5"]
[White "Sreshthaj"]
[Black "arjunsaravanan"]
[Result "0-1"]
[ICCResult "White checkmated"]
[WhiteElo "1008"]
[BlackElo "1209"]
[Opening "Scandinavian (center counter) defense"]
[ECO "B01"]
[NIC "SD.01"]
[Time "21:02:27"]
[TimeControl "2700+10"]

1. e4 d5 2. exd5 Qxd5 3. Nc3 Qa5 4. Nf3 Nf6 5. Bc4 e6 6. O-O Be7 7. d3 c6 8.
Bd2 Qc7 9. Qe2 Nbd7 10. d4 Nb6 11. Bb3 O-O 12. Rfe1 Nbd5 13. Nxd5 cxd5 14.
c3 Bd7 15. Ne5 Bc8 16. Bg5 Re8 17. Ba4 Rf8 18. Rac1 h6 19. Bh4 Qa5 20. Bb3
Re8 21. Nd3 b6 22. Qf3 Nd7 23. Bxe7 Rxe7 24. Qg3 Nf6 25. Ne5 Bb7 26. Ng4 Ne4
27. Qe3 Bc6 28. Ne5 Ba4 29. Bxa4 Qxa4 30. a3 f6 31. Nd3 Rae8 32. h3 e5 33.
dxe5 fxe5 34. Kh1 Nf6 35. Kg1 d4 36. cxd4 Qxd4 37. Qe2 e4 38. Nb4 e3 39.
Qc4+ Qxc4 40. Rxc4 exf2+ 41. Kxf2 Rxe1 42. Kg3 R1e3+ 43. Kf4 R8e4+ 44. Kf5
Rxc4 45. Na6 Rc5+ 46. Nxc5 bxc5 47. Kf4 Rb3 48. Ke5 Rxb2 49. Kd6 c4 50. Kc5
c3 51. Kd6 c2 52. Ke7 c1=Q 53. Ke6 Qc6+ 54. Ke5 Qe4+ 55. Kd6 Rb6+ 56. Kc7
Qb7+ 57. Kd8 Qd7# {White checkmated} 0-1

[Event "ICC tourney 2064 (45 10)"]
[Site "Internet Chess Club"]
[Date "2020.10.17"]
[Round "5"]
[White "pkcl"]
[Black "aiden004"]
[Result "1/2-1/2"]
[ICCResult "Game drawn by repetition"]
[WhiteElo "1225"]
[BlackElo "1088"]
[Opening "French: exchange variation"]
[ECO "C01"]
[NIC "FR.01"]
[Time "21:02:15"]
[TimeControl "2700+10"]

1. e4 e6 2. d4 d5 3. exd5 exd5 4. h3 Nf6 5. Nf3 Be7 6. Bd3 Nc6 7. a3 h6 8.
O-O Be6 9. Nc3 O-O 10. Be3 Qd7 11. Nh2 Nh7 12. Bxh7+ Kxh7 13. Qf3 Bf6 14.
Rfd1 Bf5 15. Rac1 Be6 16. Rd2 Na5 17. b3 Rad8 18. Ne2 Be7 19. Ra1 Bf6 20.
Ng3 Rfe8 21. Nh5 Qe7 22. Nxf6+ Qxf6 23. Qxf6 gxf6 24. Bf4 Rd7 25. Re1 Rde7
26. Rde2 Nc6 27. c3 Kg7 28. Nf3 Kh7 29. Nh4 Kg7 30. g4 Kh7 31. b4 a6 32. a4
b5 33. a5 Kg7 34. Bg3 Kh7 35. f4 f5 36. gxf5 Bd7 37. Rxe7 Rxe7 38. Rxe7 Nxe7
39. f6 Nf5 40. Nxf5 Bxf5 41. h4 Kg6 42. Kf2 Kxf6 43. Ke3 c6 44. Kf3 h5 45.
Bf2 Bg4+ 46. Ke3 Kf5 47. Bg3 Bd1 48. Bf2 Kg4 49. Be1 Bf3 50. Bf2 Be4 51. Be1
Bh1 52. Bf2 Be4 53. Be1 Bh1 54. Bf2 Be4 55. Be1 Bh1 56. Bf2 Be4 57. Be1 Bh1
58. Bf2 Be4 {Game drawn by repetition} 1/2-1/2

[Event "ICC tourney 2064 (45 10)"]
[Site "Internet Chess Club"]
[Date "2020.10.17"]
[Round "5"]
[White "sassymareese"]
[Black "bsarvagnya"]
[Result "0-1"]
[ICCResult "White forfeits on time"]
[WhiteElo "1309"]
[BlackElo "1130"]
[Opening "Ruy Lopez: old Steinitz defense"]
[ECO "C62"]
[NIC "RL.02"]
[Time "21:02:38"]
[TimeControl "2700+10"]

1. e4 e5 2. Nf3 Nc6 3. Bb5 d6 4. d4 exd4 5. O-O a6 6. Bxc6+ bxc6 7. Nxd4 Bd7
8. Nc3 Be7 9. Be3 Nf6 10. Qd3 O-O 11. Nb3 Ng4 12. Bf4 Bf6 13. h3 Ne5 14.
Bxe5 Bxe5 15. f4 Bf6 16. Rad1 Re8 17. e5 Be7 18. Nc5 d5 19. Nb3 f6 20. Nxd5
cxd5 21. Qxd5+ Kh8 22. Qxd7 Qb8 23. exf6 Bxf6 24. c3 Qb6+ 25. Kh1 Rad8 26.
Qa4 h6 27. Rxd8 Rxd8 28. Kh2 Qd6 29. Qe4 g5 30. g3 Rg8 31. f5 Be5 32. Rf3
Re8 33. Kg2 Qf6 34. Nd4 Qf7 35. Qc6 Kg8 36. Qxh6 Bxd4 37. cxd4 Re2+ 38. Kf1
Qe7 39. Qxa6 Re1+ 40. Kf2 c6 41. Qc4+ Kf8 42. f6 Qe4 43. f7 Qe7 44. Qc2 Qe6
45. Qd2 Re4 46. Qb4+ Qe7 47. Qxe7+ Rxe7 48. h4 g4 49. Rf4 Rd7 50. h5 Rd8 51.
h6 Rc8 52. h7 Kg7 53. f8=Q+ Rxf8 54. Rxf8 Kxf8 {White forfeits on time} 0-1